 Dungeon Crawl Stone Soup version 0.29.0-4-gdea44cf6ec (webtiles) character file.

Game seed: 546078734766344405

5 qw the Chopper (level 1, -6/12 HPs)
             Began as a Tengu Warper on Aug 28, 2022.
             Mangled by a worm (9 damage)
             ... on level 2 of the Dungeon.
             The game lasted 00:00:00 (64 turns).

qw the Chopper (Tengu Warper)                         Turns: 64, Time: 00:00:01

Health: -6/12      AC:  3    Str: 11    XL:     1   Next: 80%
Magic:  4/4        EV: 11    Int: 13    God:
Gold:   0          SH:  0    Dex: 13    Spells: 4/4 levels left

rFire   . . .      SeeInvis .   a - +0 hand axe
rCold   . . .      Faith    .   (no shield)
rNeg    . . .      Spirit   .   b - +0 leather armour
rPois   .          Reflect  .   (helmet restricted)
rElec   .          Harm     .   (no cloak)
rCorr   .          Rampage  .   (no gloves)
Will    .....                   (boots unavailable)
Stlth   +.........              (no amulet)
HPRegen 0.04/turn               (no ring)
MPRegen 0.09/turn               (no ring)

@: no status effects
A: beak, talons 3
a: no special abilities


You were on level 2 of the Dungeon.
You visited 1 branch of the dungeon, and saw 2 of its levels.


Innate Abilities, Weirdness & Mutations

You have a beak for a mouth.
You have claws for feet.


   Skills:
 - Level 2.0 Fighting
 + Level 2.8 Axes
 - Level 1.0 Throwing
 - Level 1.1 Armour
 - Level 2.1 Dodging
 - Level 2.0 Spellcasting
 - Level 2.4 Translocations


You had 4 spell levels left.
You didn't know any spells.
Your spell library contained the following spells:

 Spells                   Type           Power      Damage    Failure   Level
 Blink                    Tloc           14%        N/A       19%         2
 Gell's Gravitas          Tloc           7%         N/A       36%         3
 Lesser Beckoning         Tloc           7%         N/A       36%         3
 Teleport Other           Tloc           7%         N/A       36%         3
 Manifold Assault         Tloc           7%         N/A       98%         5

Inventory:

Hand Weapons
 a - a +0 hand axe (weapon)
Missiles
 d - 4 boomerangs of dispersal (quivered)
Armour
 b - a +0 leather armour (worn)
Scrolls
 c - a scroll of blinking
 e - a scroll of poison {unknown}
Potions
 f - a potion of brilliance {unknown}

Dungeon Overview and Level Annotations

Branches:
Dungeon (1/15)

Altars:


Message History

You throw a boomerang of dispersal.
The boomerang of dispersal hits the bat.
The bat blinks!
You feel a bit more experienced.
f - a bubbling pink potion A jackal comes into view.
The jackal barks!
A worm comes into view.
A jackal comes into view.
The jackal closely misses you.
54 ||| Stepping ~*~*~tactically~*~*~ (stealth).
You closely miss the jackal. The jackal barely misses you. x2
The jackal barks!
You hit the jackal. You claw the jackal.
You kill the jackal!
You hit the jackal.
The jackal is heavily wounded.
The jackal bites you but does no damage. x2
You closely miss the jackal.
The jackal is heavily wounded.
The jackal bites you but does no damage.
You hit the jackal.
You kill the jackal!
You hit the worm but do no damage. You peck the worm, but do no damage.
The worm bites you.
You hit the worm. Your peck misses the worm.
The worm is lightly wounded.
An adder comes into view.
The worm bites you.
The adder hisses angrily.
You hit the worm.
The worm is moderately wounded.
You hit the worm. You claw the worm.
The worm is severely wounded.
The worm closely misses you.
You barely miss the worm. You claw the worm.
The worm is almost dead.
The worm bites you!
Ouch! That really hurt!
You die...

. .. ... .. .w
... #.####### #
...##h.....(###..
#....##w......#
#..S@.......#
..##..##.......#
.................
#..#.##.####.##..
## #....#.#
####...# ....#
##.. .


You could see a worm and an adder.

Vanquished Creatures
  2 jackals (D:2)
  3 bats
5 creatures vanquished.

Notes
Turn   | Place    | Note
-------+----------+-------------------------------------------
     0 | D:1      | qw the Tengu Warper began the quest for the Orb.
     0 | D:1      | Reached XP level 1. HP: 12/12 MP: 4/4
     0 | D:1      | 0 ||| qw: Version: 0.1-a-89-g26bdef1
     0 | D:1      | 0 ||| qw: Game counter: 1397
     0 | D:1      | 0 ||| qw: Always use a shield: true
     0 | D:1      | 0 ||| qw: God list: Okawaru
     0 | D:1      | 0 ||| qw: Allow faded altars: false
     0 | D:1      | 0 ||| qw: Do Orc after D:15 true
     0 | D:1      | 0 ||| qw: Do second Lair branch before Depths: true
     0 | D:1      | 0 ||| qw: Lair rune preference: random
     0 | D:1      | 0 ||| qw: Plans: Normal
     0 | D:1      | 0 ||| PLANNING D:1-11
    44 | D:1      | You fall into a shaft and drop 1 floor!
    54 | D:2      | 54 ||| Stepping ~*~*~tactically~*~*~ (stealth).
    61 | D:2      | HP: 3/12 [worm (4)]
    64 | D:2      | Mangled by a worm

Levels and vault maps discovered:
D:1:      ncdulo_wetmaze, layout_loops_ring, minmay_pentomino_x2
D:2:      layout_rooms, corexii_shack, nicolae_grassy_gnolls, uniq_terence

Action                   || total
-------------------------++-------
Melee: Hand axe          ||    15
       Kick              ||     3
       Peck              ||     2
Throw: Boomerang         ||     3
Armor: Leather armour    ||     8
Dodge: Dodged            ||    10

Table legend:
 A = Non-vault XP
 B = Vault XP
 C = Vault XP percentage of total XP
 D = Non-vault monster count
 E = Vault monster count
 F = Vault count percentage of total count
                 A         B        C        D         E       F
            +---------+---------+-------+---------+---------+-------
      Total |       7 |       1 |  12.5 |       4 |       1 |  20.0
            +---------+---------+-------+---------+---------+-------
        D:1 |       2 |       1 |  33.3 |       1 |       1 |  50.0
        D:2 |       5 |       0 |   0.0 |       3 |       0 |   0.0
            +---------+---------+-------+---------+---------+-------
